 Dungeon Crawl Stone Soup version 0.31-a0-1172-g9944ec4 (webtiles) character file.

Game seed: 9333339113447794888

2027401 Kearsarge the Middleweight Champion (level 25, 301/301 HPs)
             Began as a Merfolk Fighter on Dec 10, 2023.
             Was an Initiate of Gozag.
             Escaped with the Orb
             ... and 3 runes!
             The game lasted 01:21:08 (45509 turns).

Kearsarge the Middleweight Champion (MfFi)         Turns: 45509, Time: 01:21:09

Health: 301/301    AC: 41    Str: 31    XL:     25   Next: 65%
Magic:  23/23      EV: 19    Int: 10    God:    Gozag
Gold:   2861       SH: 28    Dex: 19    Spells: 24/24 levels left

rFire   + +          .
                       - Unarmed
rCold   + + .        g - +1 tower shield {rF+}
rNeg    + + .        (body armour currently unavailable)
rPois   ∞            Y - +2 helmet {SInv}
rElec   +            m - scarf {rC+ rF+}
rCorr   +            (gloves currently unavailable)
SInv    +            (boots currently unavailable)
Will    +++..        X - amulet of regeneration
Stlth   +            W - ring of Xaref {rC+ Will++ Str+3 Dex+4}
HPRegen 1.50/turn    i - ring "Weeceu" {rN+ rCorr Str+4}
MPRegen 0.18/turn

%: no passive effects
@: statue-form, studying 4 skills, very slow
A: slow and powerful, torment resistance 1, boosted hp, (nimble swimmer 2),
mertail, large bone plates 1, deterioration 1, persistent drain
0: Orb of Zot
}: 3/15 runes: decaying, serpentine, silver
a: Begin Untransformation, Renounce Religion, Potion Petition, Call Merchant,
Bribe Branch


You escaped.
You worshipped Gozag.
Gozag was most pleased with you.
You were a living statue of rough stone.
You visited 10 branches of the dungeon, and saw 48 of its levels.
You visited 1 bazaar.
You visited 1 ziggurat, and saw 4 of its levels.
You also visited: Bailey, Gauntlet and Desolation.

You collected 30267 gold pieces.
You spent 6933 gold pieces at shops.
You paid 20473 gold pieces to Gozag.

Inventory:

Missiles
 p - 7 throwing nets
Armour
 a - the +3 hat of Pondering {ponderous, Will+ MP+10 Int+5}
   (You took it off Gastronok on level 1 of the Lair of Beasts)

   Int+5:     It affects your intelligence (+5).
   Will+:     It increases your willpower.
   MP+10:     It affects your magic capacity (+10).
 g - a +1 tower shield of fire resistance (worn)
 m - a scarf of resistance (worn)
 S - a +1 kite shield of reflection
 Y - a +2 helmet of see invisible (worn)
Jewellery
 i - the ring "Weeceu" (right fist) {rN+ rCorr Str+4}
   (You found it on level 1 of the Vaults)

   [ring of resist corrosion]

   Str+4:     It affects your strength (+4).
   rN+:       It protects you from negative energy.
   rCorr:     It protects you from acid and corrosion.
 q - the ring of Mesu {rPois rC+ Int+2 SInv}
   (You found it in the Desolation of Salt)

   [ring of see invisible]

   Int+2:     It affects your intelligence (+2).
   rC+:       It protects you from cold.
   rPois:     It protects you from poison SInv: It lets you see invisible.
 V - the ring of Xonwonk {rPois Will+ Str+3}
   (You took it off a nagaraja on level 4 of the Snake Pit)

   [ring of willpower]

   Str+3:     It affects your strength (+3).
   rPois:     It protects you from poison Will+: It increases your willpower.
 W - the ring of Xaref (left fist) {rC+ Will++ Str+3 Dex+4}
   (You took it off a deep elf sorcerer on level 3 of the Elven Halls)

   [ring of protection from cold]

   Str+3:     It affects your strength (+3).
   Dex+4:     It affects your dexterity (+4).
   rC+:       It protects you from cold.
   Will++:    It greatly increases your willpower.
 X - an amulet of regeneration (around neck)
 Z - the ring of Ymetz {rF+ Str+4}
   (You took it off an ironbound convoker in the Desolation of Salt)

   [ring of protection from fire]

   Str+4:     It affects your strength (+4).
   rF+:       It protects you from fire.
Talismans
 O - a granite talisman (active)
Wands
 c - a wand of digging (8)
 d - a wand of charming (49)
 j - a wand of polymorph (12)
 u - a wand of roots (27)
 R - a wand of quicksilver (20)
Scrolls
 o - 3 scrolls of immolation
 s - 2 scrolls of brand weapon
 t - 17 scrolls of teleportation
 v - 7 scrolls of noise
 y - 11 scrolls of amnesia
 C - 3 scrolls of enchant armour
 F - 11 scrolls of vulnerability
 G - 8 scrolls of fear
 H - 7 scrolls of fog
 I - 2 scrolls of silence
 K - 4 scrolls of torment
 M - 2 scrolls of blinking
 U - 4 scrolls of poison
Potions
 b - 6 potions of invisibility
 e - 5 potions of resistance
 f - 8 potions of heal wounds
 k - 4 potions of cancellation
 l - 7 potions of mutation
 n - 7 potions of lignification
 r - 20 potions of curing
 w - 2 potions of attraction
 x - 3 potions of ambrosia
 z - 7 potions of haste
 A - 20 potions of might
 B - 7 potions of berserk rage
 D - 3 potions of magic
 E - 5 potions of brilliance
 T - 7 potions of enlightenment
Miscellaneous
 h - a lightning rod (4/4)
 N - a phantom mirror
 P - a tin of tremorstones (2/2)


   Skills:
 + Level 26.5 Fighting
 - Level 4.1 Polearms
 - Level 2.1 Armour
 - Level 11.8 Dodging
 + Level 21.2 Shields
 O Level 27 Unarmed Combat
 - Level 25.0 Shapeshifting


You had 24 spell levels left.
You didn't know any spells.
Your spell library contained the following spells:

 Spells                   Type           Power      Damage    Failure   Level
 Apportation              Tloc           0%         N/A       47%         1
 Foxfire                  Conj/Fire      0%         2x1d4     47%         1
 Freeze                   Ice            0%         1d3       47%         1
 Kiss of Death            Conj/Necr      0%         2d5       47%         1
 Magic Dart               Conj           0%         1d3       47%         1
 Necrotise                Necr           0%         1d4       47%         1
 Shock                    Conj/Air       0%         1d3       47%         1
 Slow                     Hex            0%         N/A       47%         1
 Sting                    Tmut/Pois      0%         1d3       47%         1
 Summon Small Mammal      Summ           0%         N/A       47%         1
 Blink                    Tloc           0%         N/A       63%         2
 Call Imp                 Summ           0%         N/A       63%         2
 Ensorcelled Hibernation  Hex/Ice        0%         N/A       63%         2
 Jinxbite                 Hex            0%         N/A       63%         2
 Lesser Beckoning         Tloc           0%         N/A       63%         2
 Momentum Strike          Conj/Tloc      0%         3d8       63%         2
 Poisonous Vapours        Pois/Air       0%         N/A       63%         2
 Searing Ray              Conj           0%         2d4       63%         2
 Static Discharge         Conj/Air       0%         3-3/arc   63%         2
 Wereblood                Tmut           0%         N/A       63%         2
 Call Canine Familiar     Summ           0%         N/A       85%         3
 Confusing Touch          Hex            0%         N/A       85%         3
 Dazzling Flash           Conj/Hex       0%         N/A       85%         3
 Frozen Ramparts          Ice            0%         1d1       85%         3
 Hailstorm                Conj/Ice       0%         3d5       85%         3
 Mephitic Cloud           Conj/Pois/Air  0%         N/A       85%         3
 Sigil of Binding         Hex            0%         N/A       85%         3
 Stone Arrow              Conj/Erth      0%         3d7       85%         3
 Swiftness                Air            0%         N/A       85%         3
 Teleport Other           Tloc           0%         N/A       85%         3
 Tukima's Dance           Hex            0%         N/A       85%         3
 Vampiric Draining        Necr           0%         2d6       85%         3
 Volatile Blastmotes      Fire/Tloc      0%         2d10      85%         3
 Airstrike                Air            0%         2d(0-16)  99%         4
 Anguish                  Hex/Necr       0%         N/A       99%         4
 Animate Armour           Summ/Erth      0%         N/A       99%         4
 Brom's Barrelling Bould  Conj/Erth      0%         2d3       99%         4
 Cause Fear               Hex            0%         N/A       99%         4
 Dimensional Bullseye     Hex/Tloc       0%         N/A       99%         4
 Dispel Undead            Necr           0%         3d6       99%         4
 Fulminant Prism          Conj/Hex       0%         3d5       99%         4
 Iskenderun's Mystic Bla  Conj/Tloc      0%         2d3       99%         4
 Leda's Liquefaction      Hex/Erth       0%         N/A       99%         4
 Manifold Assault         Tloc           0%         N/A       99%         4
 Olgreb's Toxic Radiance  Pois           0%         N/A       99%         4
 Passage of Golubria      Tloc           0%         N/A       99%         4
 Petrify                  Tmut/Erth      0%         N/A       99%         4
 Sticky Flame             Conj/Fire      0%         2d3       99%         4
 Summon Lightning Spire   Summ/Air       0%         N/A       99%         4
 Agony                    Necr           0%         N/A       100%        5
 Borgnjor's Vile Clutch   Necr/Erth      0%         N/A       100%        5
 Fireball                 Conj/Fire      0%         3d3       100%        5
 Freezing Cloud           Conj/Ice/Air   0%         6-21      100%        5
 Irradiate                Conj/Tmut      0%         3d11      100%        5
 Iskenderun's Battlesphe  Conj           0%         2d6       100%        5
 Lee's Rapid Deconstruct  Erth           0%         3d4*      100%        5
 Silence                  Hex/Air        0%         N/A       100%        5
 Summon Forest            Summ/Tloc      0%         N/A       100%        5
 Yara's Violent Unravell  Hex/Tmut       0%         3d3       100%        5
 Bombard                  Conj/Erth      0%         9d1       100%        6
 Conjure Ball Lightning   Conj/Air       0%         3x3d6     100%        6
 Death Channel            Necr           0%         N/A       100%        6
 Dispersal                Tloc           0%         N/A       100%        6
 Plasma Beam              Fire/Air       0%         2x1d10    100%        6
 Starburst                Conj/Fire      0%         6d3       100%        6
 Enfeeble                 Hex            0%         N/A       100%        7
 Orb of Destruction       Conj           0%         9d5       100%        7
 Ozocubu's Refrigeration  Ice            0%         4d7       100%        7
 Spellforged Servitor     Conj/Summ      0%         N/A       100%        7
 Summon Hydra             Summ           0%         N/A       100%        7
 Disjunction              Tloc           0%         N/A       100%        8
 Lehudib's Crystal Spear  Conj/Erth      0%         10d2      100%        8
 Chain Lightning          Conj/Air       0%         N/A       100%        9
 Fire Storm               Conj/Fire      0%         5d1       100%        9
 Polar Vortex             Ice            0%         N/A       100%        9
 Sublimation of Blood     Necr           Unusable   N/A       N/A         2
 Animate Dead             Necr           Unusable   N/A       N/A         4
 Simulacrum               Ice/Necr       Unusable   N/A       N/A         6

Dungeon Overview and Level Annotations

Branches:
Dungeon (15/15)            Temple (1/1) D:5            Lair (5/5) D:9
  Swamp (4/4) Lair:3        Snake (4/4) Lair:3        Slime (0/5) Lair:5
    Orc (2/2) D:12            Elf (3/3) Orc:2        Vaults (5/5) D:14
  Crypt (0/3) Vaults:3     Depths (4/4) D:15            Zot (5/5) Depths:4
 Bailey (visited)         Desolation (visited)      Gauntlet (visited)

Altars:
Ashenzari
Cheibriados
Dithmenos
Elyvilon
Fedhas
Gozag
Hepliaklqana
Kikubaaqudgha
Makhleb
Nemelex Xobeh
Okawaru
Qazlal
Ru
Sif Muna
Trog
Uskayaw
Vehumet
Wu Jian
Xom
Yredelemnul
Zin
The Shining One
Jiyva

Shops:
D:4 :   D:7 !   D:12 *?   Orc:2 *:???*=(=   Elf:1 [   Elf:2 (=   Elf:3 [!?
Lair:1 ?   Snake:2 [:   Vaults:1 (   Vaults:2 (   Vaults:3 *   Vaults:5 !!?!?
Depths:1 !

Portals:
Hell: Depths:1 Depths:2
Abyss: Depths:2
Pandemonium: Orc:2 Depths:2

Annotations:
D:3 3 runed translucent doors, cpf86's ghost, amateur MiCK
D:4 1 runed translucent door, Crazy Yiuf; Edmund
D:7 3 runed translucent doors, roomforsquares's ghost, novice FeBe
D:10 2 transporters, fbwer's ghost, journeyman FoHu
Swamp:2 2 runed translucent doors, roomforsquares's ghost, adept FeBe
Elf:2 3 runed translucent doors
Depths:2 3 runed translucent doors


Innate Abilities, Weirdness & Mutations

You are a living statue of rough stone.
Your actions are slow, but your melee attacks are powerful.
You are resistant to unholy torment.
Your maximum health is greatly increased.
Your equipment is partially melded.
You are immune to poison.
((You are very nimble when in or above water. (Stealth+, EV+, Speed+++)))
Your lower body shifts to a powerful aquatic tail in water.
You are partially covered in large bone plates. (SH +4)
Your body sometimes deteriorates upon taking damage.
Your health recovers twice as slowly from being drained.


Message History

You block the Orb Guardian's attack. You block the Orb Guardian's attack. x2
An ice devil comes into view.
You block the Orb Guardian's attack.
The Orb Guardian attacks as it pursues you!
The Orb Guardian hits you! You block the Orb Guardian's attack.
There is a stone staircase leading up here.
You block the Orb Guardian's attack. x2
You climb upwards.
Level annotation: 3 runed translucent doors, cpf86's ghost, amateur MiCK
There is a stone staircase leading down here.
You pound the Orb Guardian into fine dust!!!!
You kill the Orb Guardian!
No target in view!
No target in view!
You now have 2861 gold pieces (gained 24).
What level of the Dungeon? (default 1, ? - help)
There is a stone staircase leading down here.
There is an open door here.
There is a stone staircase leading up here.
You climb upwards.
There is a stone staircase leading down here.
Things that are here:
a +0 chain mail; a +0 hand axe; the human skeleton of Terence You see here a rat skeleton.
There is a stone staircase leading up here.
You climb upwards.
There is a stone staircase leading down here.
An Orb Guardian comes into view.
Blink to where?
Press: ? - help, Q - select action, (/) - cycle Dir - move target
As you read the scroll of blinking, it crumbles to dust.
Blink to where?
Press: ? - help, Q - select action, (/) - cycle Dir - move target
As you read the scroll of blinking, it crumbles to dust.
Blink to where?
Press: ? - help, Q - select action, (/) - cycle Dir - move target
As you read the scroll of blinking, it crumbles to dust.
There is a staircase leading out of the dungeon here.
You have escaped!

#.#....#####.#####....#
##.##.#.#...#.#...#..#.#
#.......#.>.'.#...#.##.#
#..##.#.#...#.#...#.##.# ####
#..##.#.#####.##'##.##.# ...##
#..##(#.§...........##.# .#..#
#..##.#.##'##.#####.##.# ###.#
#...#.#.#...#.#..[#....#
.#..###.#.#...#.8.#.'...#.####
.............§#...#.#...#.#
#†###.........#####.#####.#
...###....................#
.#..##.............##.##.##
###.##................##.#
.#.(##.......###########.#
...#.......X.# #.#
..##.#.##..§.# #.#


There were no monsters in sight!

Vanquished Creatures
  A dread lich (Vaults:4)
  2 ancient liches (Zot:5)
  An orb of fire (Zot:4)
  2 pandemonium lords
  Bai Suzhen (Snake:3)
  Margery (Depths:2)
  3 curse toes
  Saint Roka (Snake:4)
  Nikola (Elf:3)
  5 golden dragons
  5 bone dragons
  A Tzitzimitl (Depths:2)
  Jorgrun (D:12)
  An Ice Fiend (Depths:2)
  10 tentacled monstrosities
  Mlioglotl (Swamp:1)
  A lich (Depths:2)
  7 Orb Guardians
  2 deep elf blademasters (Elf:3)
  2 deep elf master archers (Elf:3)
  A titan (Vaults:5)
  7 sphinxes
  2 walking divine tomes
  3 quicksilver dragons
  5 death cobs
  An Executioner (Zig:4)
  Gastronok (Lair:1)
  Kirke (Lair:5)
  An eldritch tentacle (Depths:2)
  5 shadow dragons
  Aizul (Snake:4)
  Donald (Snake:4)
  3 tengu reavers
  2 thorn hunters
  Roxanne (Swamp:2)
  4 storm dragons
  The ghost of Tumatom the Bludgeoner, an adept MiAK of Lugonu (D:15)
  A draconian knight (Zot:4)
  2 daevas (Depths:2)
  A fenstrider witch (Swamp:4)
  6 nagarajas
  7 fire giants
  2 frost giants (Depths:2)
  2 iron dragons
  7 vault wardens
  2 draconian scorchers
  4 deep elf sorcerers
  2 imperial myrmidons (Desolation)
  A cacodemon (D:13)
  A draconian shifter (Zot:4)
  3 orc warlords
  5 deep elf elementalists (Elf:3)
  Louise (Elf:3)
  2 angels
  2 ghouls (Swamp:3)
  4 draconian annihilators
  19 ironbound preservers
  A draconian stormcaller (Depths:4)
  7 very ugly things
  2 spriggan defenders (Depths:1)
  A demonspawn blood saint (Depths:4)
  8 stone giants
  12 eleionomae
  Nessos (Lair:5)
  6 deep elf annihilators
  4 deep elf demonologists (Elf:3)
  A halazid warlock (Desolation)
  4 ironbound thunderhulks
  3 yellow draconians
  6 black draconians
  2 vampire knights (Depths:2)
  12 dire elephants
  A lorocyproca (Zot:5)
  2 minotaurs
  3 red draconians
  A spark wasp (Depths:3)
  2 bunyips
  3 white draconians
  Josephine (D:11)
  7 deep elf death magi (Elf:3)
  3 green deaths
  A blizzard demon (Depths:4)
  4 ettins
  A crystal guardian (Desolation)
  An eidolon (Vaults:3)
  4 deep elf high priests
  An entropy weaver (Vaults:1)
  9 fire dragons
  7 yaktaur captains
  2 ice dragons
  11 ragged hierophants (Desolation)
  2 shambling mangroves
  5 great orbs of eyes
  A hell beast (Zot:3)
  2 salamander tyrants (Snake:4)
  13 servants of whispers (Desolation)
  Fannar (D:10)
  Harold (Lair:2)
  8 peacekeepers
  3 catoblepae
  A rakshasa (Depths:4)
  7 vault guards
  3 ogre magi
  28 hydras
  Erolcha (D:11)
  A ghost crab (Swamp:3)
  9 ironbound frosthearts
  2 demonspawn (Orc:2)
  18 centaur warriors
  9 anacondas
  11 alligators
  7 boulder beetles
  17 dancing weapons
  A death knight (Vaults:3)
  3 death yaks (Lair:4)
  14 two-headed ogres
  17 naga warriors
  Erica (Lair:1)
  5 tengu warriors
  4 deep troll shamans (Depths:2)
  2 deep troll earth magi
  3 hell hogs (Depths:4)
  A vampire mage (Vaults:3)
  6 shock serpents
  A soul eater (Zot:1)
  Nergalle (D:11)
  6 occultists
  Amaemon (Lair:3)
  8 orc high priests (Orc:2)
  17 naga sharpshooters
  7 hell knights
  12 deep elf knights
  A fire crab (shapeshifter) (Depths:4)
  3 goliath frogs
  An iron troll (Depths:2)
  5 skeletal warriors (D:14)
  7 skysharks
  4 glowing orange brains
  5 salamander mystics
  52 deep trolls
  7 swamp dragons
  8 naga ritualists
  13 lindwurms
  3 bog bodies
  7 arcanists
  3 steelbarb worms (shapeshifter)
  An orb spider (shapeshifter) (Vaults:5)
  Pikel (D:8)
  21 deep elf archers
  4 harpies (Vaults:1)
  A harpy (shapeshifter) (D:15)
  43 deep elf pyromancers
  5 spriggan druids
  17 ironbound convokers
  2 phantasmal warriors (Depths:2)
  4 orc sorcerers
  8 mana vipers
  2 large abominations
  4 necromancers
  8 orc knights
  21 deep elf zephyrmancers
  A shining eye (Zot:3)
  A wolf spider (D:12)
  3 moths of wrath
  13 salamanders
  7 will-o-the-wisps
  A glowing shapeshifter (Elf:2)
  34 ugly things
  2 cyclopes
  5 elephants (Lair:3)
  5 manticores
  21 naga magi
  12 guardian serpents
  A toenail golem (Zot:2)
  A black mamba (shapeshifter) (Elf:2)
  A kobold blastminer (Orc:2)
  3 rust devils
  2 fire giant skeletons (Depths:1)
  Joseph (D:9)
  23 black mambas
  18 vault sentinels
  A smoke demon (D:13)
  A hellion (Depths:2)
  6 torpor snails
  21 cane toads
  2 molten gargoyles (Desolation)
  An unseen horror (D:12)
  9 komodo dragons
  A kobold demonologist (D:9)
  2 orange demons
  4 efreet
  An unseen horror (shapeshifter) (Elf:1)
  A freezing wraith (Vaults:4)
  A tormentor (Depths:4)
  Jeremiah (D:9)
  5 rime drakes
  2 spriggan zombies (Depths:1)
  A red devil (Depths:2)
  2 tengu conjurers
  25 yaktaurs
  An ice devil (Orc:2)
  A meliai (D:14)
  2 polar bears
  4 trolls
  A hellwing (Depths:4)
  67 saltlings (Desolation)
  7 hornets
  3 glass eyes (Zot:3)
  21 tyrant leeches
  19 blink frogs
  10 dream sheep
  A snapping turtle (shapeshifter) (D:15)
  37 slime creatures
  A culicivora (Vaults:1)
  94 yaks
  3 vampires
  Sigmund (D:4)
  A ynoxinul (Orc:2)
  3 shadows (D:12)
  4 water elementals
  2 air elementals
  12 spriggans
  6 wraiths
  6 wyverns
  8 basilisks
  6 hogs (Lair:5)
  6 fire elementals
  13 vampire mosquitoes
  9 golden eyes (Zot:3)
  2 steam dragons
  A redback simulacrum (D:14)
  2 chaos spawn
  A warg (Orc:1)
  4 acid dragons
  36 nagas
  15 swamp worms
  3 hell hounds (Gauntlet)
  17 water moccasins
  9 swamp drakes
  4 black bears
  37 orc warriors
  A sky beast (D:8)
  A sky beast (shapeshifter) (D:14)
  7 wolves (Lair:3)
  24 ogres
  11 centaurs
  2 lemures (D:8)
  Blork the orc (D:5)
  2 kobold brigands (D:9)
  17 bullfrogs
  3 gnoll sergeants
  A necrophage (Swamp:3)
  2 scorpions (D:6)
  3 earth elementals
  8 wights
  12 killer bees
  2 electric eels
  5 howler monkeys
  A lava snake (Swamp:4)
  9 hounds
  5 jellies
  30 orc priests
  3 sleepcaps
  A gnoll bouda (D:7)
  6 iguanas
  Ijyb (D:3)
  17 orc wizards
  Terence (D:2)
  Robin (D:3)
  19 gnolls
  6 adders
  A white imp (D:8)
  2 ufetubi (D:7)
  3 worms (D:2)
  A dart slug (D:1)
  100 orcs
  7 ball pythons
  13 endoplasms
  A giant cockroach (D:4)
  7 hobgoblins
  2 jackals (D:5)
  3 kobolds
  6 quokkas
  5 bats
  3 frilled lizards
  14 goblins
  5 rats
1915 creatures vanquished.

Vanquished Creatures (collateral kills)
  An orb of fire (Zot:5)
  An ancient lich (Zot:5)
  A pandemonium lord (Depths:2)
  A Killer Klown (Zot:5)
  A curse toe (Zot:5)
  Norris (Vaults:1)
  An electric golem (Zot:5)
  A tentacled monstrosity (Zot:5)
  A lich (Depths:2)
  6 Orb Guardians (Zot:5)
  2 sphinxes (Vaults:5)
  A storm dragon (Vaults:5)
  3 shadow dragons (Vaults:5)
  An angel (Zot:5)
  An ironbound preserver (Vaults:5)
  An ettin (Vaults:5)
  A deep elf high priest (Vaults:5)
  A vault guard (Vaults:5)
  A deep troll earth mage (Vaults:5)
  A salamander mystic (Depths:1)
  An obsidian statue (Zot:5)
  A phantasmal warrior (Vaults:5)
  An ironbound convoker (Vaults:1)
  2 shining eyes (Zot:3)
  A shining eye (shapeshifter) (Vaults:5)
  4 moths of wrath (Zot:5)
  A toenail golem (Zot:3)
  2 salamanders (Depths:1)
  2 vault sentinels (Vaults:5)
  A freezing wraith (Vaults:5)
  5 yaktaurs
  A red devil (Zot:5)
  3 golden eyes (Zot:3)
  4 redbacks (Vaults:5)
  A warg (Vaults:5)
  2 orcs (Vaults:5)
60 creatures vanquished.

Vanquished Creatures (others)
  An ancient lich (Zot:5)
  An orb of fire (Zot:5)
  A pandemonium lord (Zot:5)
  2 tentacled monstrosities
  5 Orb Guardians (Zot:5)
  2 liches (Vaults:5)
  A sphinx (Vaults:5)
  3 shadow dragons (Vaults:5)
  A tengu reaver (Vaults:5)
  A storm dragon (Vaults:5)
  2 frost giants (Vaults:5)
  5 vault wardens (Vaults:5)
  A deep elf sorcerer (Vaults:5)
  A cacodemon (Zig:4)
  2 stone giants (Vaults:5)
  4 ironbound preservers (Vaults:5)
  2 green draconians (Zot:5)
  2 deep elf demonologists (Vaults:5)
  A black draconian (Zot:5)
  A yellow draconian (Zot:5)
  3 ettins (Vaults:5)
  2 yaktaur captains (Vaults:5)
  A deep elf high priest (Vaults:5)
  21 vault guards (Vaults:5)
  A deep troll earth mage (Vaults:5)
  A shadow demon (Zig:4)
  A deep elf zephyrmancer (Elf:1)
  An orc knight (Vaults:5)
  3 ironbound convokers (Vaults:5)
  3 deep elf pyromancers
  2 vault sentinels (Vaults:5)
  2 yaktaurs (Vaults:5)
  A freezing wraith (Vaults:5)
  A human (Lair:5)
  A water elemental (Elf:1)
  A naga (Snake:4)
  A water moccasin (D:6)
  An orc warrior (Vaults:5)
  A boggart (shapeshifter) (Vaults:5)
  4 orcs
  33 foxfires
124 creatures vanquished.

Grand Total: 2099 creatures vanquished

Notes
Turn   | Place    | Note
-------+----------+-------------------------------------------
     0 | D:1      | Kearsarge the Merfolk Fighter began the quest for the Orb.
     0 | D:1      | Reached XP level 1. HP: 18/18 MP: 1/1
   161 | D:1      | Reached XP level 2. HP: 23/24 MP: 2/2
   436 | D:1      | Reached XP level 3. HP: 28/30 MP: 3/3
   727 | D:2      | Reached skill level 1 in Shapeshifting
   940 | D:2      | Reached XP level 4. HP: 37/37 MP: 4/4
   958 | D:2      | Noticed Terence
   972 | D:2      | Killed Terence
  1192 | D:3      | Found a runed translucent gate.
  1192 | D:3      | Found a runed translucent gate.
  1194 | D:3      | Found a runed translucent gate.
  1198 | D:3      | Noticed cpf86's ghost (amateur MiCK)
  1316 | D:3      | Noticed Robin
  1334 | D:3      | Killed Robin
  1335 | D:3      | Reached XP level 5. HP: 33/42 MP: 5/5
  1521 | D:3      | Found a shadowy altar of Dithmenos.
  1589 | D:3      | Noticed Ijyb
  1599 | D:3      | Killed Ijyb
  1673 | D:3      | Identified a scroll of acquirement
  1673 | D:3      | Acquired 1041 gold pieces
  1792 | D:3      | Reached skill level 5 in Shapeshifting
  2051 | D:3      | Identified the +9 short sword "Molutywn" {freeze, Int+9}
  2158 | D:4      | Noticed an ogre
  2163 | D:4      | Killed an ogre
  2164 | D:4      | Reached XP level 6. HP: 17/48 MP: 6/6
  2399 | D:4      | Noticed Edmund
  2613 | D:4      | Reached XP level 7. HP: 36/53 MP: 7/7
  3046 | D:4      | Noticed Sigmund
  3102 | D:4      | Found a hide-covered altar of Uskayaw.
  3183 | D:4      | Found Plog's Tremendous Tomes.
  3223 | D:4      | Killed Sigmund
  3374 | D:4      | Found a runed translucent door.
  3375 | D:4      | Noticed Crazy Yiuf
  3450 | D:5      | Entered Level 5 of the Dungeon
  3876 | D:6      | Reached XP level 8. HP: 43/60 MP: 8/8
  3901 | D:6      | Reached skill level 10 in Shapeshifting
  4440 | D:6      | Identified the +3 hand axe of Purpose {drain, rPois Stlth+}
  4475 | D:6      | Reached skill level 5 in Fighting
  4648 | D:6      | Reached XP level 9. HP: 61/68 MP: 9/9
  5000 | D:5      | Noticed Blork the orc
  5009 | D:5      | Killed Blork the orc
  5074 | D:5      | Identified the +4 scimitar of the Lachrymose God {vamp, rC+
                  | Str+2}
  5132 | D:5      | Found a staircase to the Ecumenical Temple.
  5146 | Temple   | Entered the Ecumenical Temple
  5167 | Temple   | Became a worshipper of Gozag Ym Sagoz the Greedy
  5241 | D:5      | Found a broken altar of Ashenzari.
  5525 | D:6      | Found a hazy altar of Hepliaklqana.
  5526 | D:6      | Found a shimmering altar of Xom.
  5527 | D:6      | Noticed a spectral ugly thing
  5610 | D:7      | Bought a potion of lignification for 42 gold pieces
  5610 | D:7      | Bought a potion of heal wounds for 70 gold pieces
  5610 | D:7      | Bought a potion of might for 56 gold pieces
  5610 | D:7      | Bought a potion of curing for 42 gold pieces
  5610 | D:7      | Bought a potion of berserk rage for 70 gold pieces
  5610 | D:7      | Bought a potion of heal wounds for 70 gold pieces
  5610 | D:7      | Bought a potion of curing for 42 gold pieces
  5701 | D:7      | Noticed roomforsquares's ghost (novice FeBe)
  6220 | D:7      | Found a runed translucent gate.
  6220 | D:7      | Found a runed translucent gate.
  6230 | D:7      | Found a runed translucent gate.
  6318 | D:7      | Reached XP level 10. HP: 79/79 MP: 10/10
  6380 | D:7      | Found a white marble altar of Elyvilon.
  6381 | D:7      | Found a stormy altar of Qazlal.
  6839 | D:8      | Reached skill level 15 in Shapeshifting
  7065 | D:8      | Noticed Pikel
  7077 | D:8      | Killed Pikel
  7351 | D:8      | Reached skill level 1 in Unarmed Combat
  7356 | D:8      | Reached skill level 2 in Unarmed Combat
  7639 | D:9      | Reached skill level 3 in Unarmed Combat
  7640 | D:9      | Reached XP level 11. HP: 89/89 MP: 11/11
  7675 | D:9      | Reached skill level 4 in Unarmed Combat
  7685 | D:9      | Noticed Jeremiah
  7688 | D:9      | Reached skill level 5 in Unarmed Combat
  7712 | D:9      | Noticed a two-headed ogre
  7713 | D:9      | Killed Jeremiah
  7714 | D:9      | Reached skill level 6 in Unarmed Combat
  7723 | D:9      | Noticed Joseph
  7733 | D:9      | Killed a two-headed ogre
  7734 | D:9      | Reached skill level 7 in Unarmed Combat
  7738 | D:9      | Reached skill level 8 in Unarmed Combat
  7747 | D:9      | Killed Joseph
  8226 | D:9      | Found a staircase to the Lair.
  8288 | D:10     | Entered Level 10 of the Dungeon
  8355 | D:10     | Found a flagged portal.
  8364 | Bailey   | Entered a bailey
  8514 | Bailey   | Reached skill level 9 in Unarmed Combat
  8597 | Bailey   | Noticed an orc knight
  8631 | Bailey   | Killed an orc knight
  8829 | Bailey   | Identified the +4 crystal plate armour "Tybi Emili" {rElec
                  | rC+}
  8934 | D:10     | Noticed fbwer's ghost (journeyman FoHu)
  8941 | D:10     | Found a transporter.
  8980 | D:10     | Reached skill level 10 in Unarmed Combat
  9094 | D:10     | Found a transporter.
  9220 | D:10     | Noticed Fannar
  9234 | D:10     | Killed Fannar
  9235 | D:10     | Reached skill level 11 in Unarmed Combat
  9433 | D:10     | Reached XP level 12. HP: 95/95 MP: 12/12
  9745 | D:10     | Reached skill level 12 in Unarmed Combat
 10103 | D:11     | Noticed Nergalle
 10109 | D:11     | Killed Nergalle
 10110 | D:11     | Reached skill level 13 in Unarmed Combat
 10600 | D:11     | Noticed Josephine
 10605 | D:11     | Killed Josephine
 10606 | D:11     | Reached skill level 14 in Unarmed Combat
 10618 | D:11     | Noticed Erolcha
 10628 | D:11     | Killed Erolcha
 10913 | D:12     | Found a runed translucent door.
 10913 | D:12     | Noticed Jorgrun
 10921 | D:12     | Killed Jorgrun
 10922 | D:12     | Reached skill level 15 in Unarmed Combat
 10922 | D:12     | Noticed a four-headed hydra
 11106 | D:12     | Reached XP level 13. HP: 101/101 MP: 13/13
 11118 | D:12     | Reached skill level 16 in Unarmed Combat
 11298 | D:12     | Noticed a fire dragon
 11302 | D:12     | Killed a fire dragon
 11432 | D:12     | Found a staircase to the Orcish Mines.
 11791 | D:12     | Reached skill level 17 in Unarmed Combat
 12148 | D:12     | Bought a scroll of identify for 26 gold pieces
 12148 | D:12     | Bought a scroll of teleportation for 39 gold pieces
 12148 | D:12     | Bought a scroll of revelation for 97 gold pieces
 12148 | D:12     | Bought a scroll of teleportation for 39 gold pieces
 12148 | D:12     | Bought a scroll of identify for 26 gold pieces
 12148 | D:12     | Bought a scroll of teleportation for 39 gold pieces
 12192 | D:12     | Bought a scroll of blinking for 322 gold pieces
 12234 | Orc:1    | Entered Level 1 of the Orcish Mines
 12278 | Orc:1    | Reached skill level 1 in Dodging
 12650 | Orc:1    | Reached skill level 10 in Fighting
 13018 | Orc:1    | Reached skill level 5 in Dodging
 13051 | Orc:1    | Found a radiant altar of Vehumet.
 13764 | Orc:2    | Entered Level 2 of the Orcish Mines
 13789 | Orc:2    | Found a staircase to the Elven Halls.
 13825 | Orc:2    | Found Cuvviuqa's Magic Scroll Shop.
 13871 | Orc:2    | Found Cuiga's Assorted Antiques.
 13885 | Orc:2    | Found Hawobest's Book Boutique.
 13942 | Orc:2    | Bought a scroll of fear for 56 gold pieces
 13942 | Orc:2    | Bought a scroll of blinking for 105 gold pieces
 14316 | Orc:2    | Found Woufim's Magic Scroll Emporium.
 14325 | Orc:2    | Found Cuatrag's Magic Scroll Shoppe.
 14417 | Orc:2    | Reached XP level 14. HP: 113/113 MP: 14/14
 14498 | Orc:2    | Bought a scroll of fear for 52 gold pieces
 14498 | Orc:2    | Bought a scroll of immolation for 52 gold pieces
 14498 | Orc:2    | Bought a scroll of identify for 26 gold pieces
 14498 | Orc:2    | Bought a scroll of identify for 26 gold pieces
 14502 | Orc:2    | Bought a scroll of blinking for 105 gold pieces
 14502 | Orc:2    | Bought a scroll of poison for 56 gold pieces
 14502 | Orc:2    | Bought a scroll of revelation for 105 gold pieces
 14979 | Orc:2    | Reached skill level 10 in Dodging
 15237 | Orc:2    | Found Tudan's General Store.
 15287 | Orc:2    | Bought a scroll of acquirement for 520 gold pieces
 15287 | Orc:2    | Bought a scroll of summoning for 95 gold pieces
 15288 | Orc:2    | Acquired 921 gold pieces
 15307 | Orc:2    | Found Baotiqoo's Jewellery Shop.
 15467 | Orc:2    | Found Nuek's Antique Weapon Shop.
 15467 | Orc:2    | Found Waotyj's Jewellery Boutique.
 15470 | Orc:2    | Found a one-way gate leading to the halls of Pandemonium.
 15517 | Orc:2    | Bought a granite talisman for 780 gold pieces
 15662 | Lair:1   | Entered Level 1 of the Lair of Beasts
 15702 | Lair:1   | Noticed Gastronok
 15710 | Lair:1   | Killed Gastronok
 15715 | Lair:1   | Noticed Erica
 15749 | Lair:1   | Killed Erica
 15809 | Lair:1   | Found a gate leading to a gauntlet.
 15818 | Gauntlet | Entered a Gauntlet
 15818 | Gauntlet | Found a transporter.
 15818 | Gauntlet | Found a transporter.
 15827 | Gauntlet | Found a transporter.
 15842 | Gauntlet | Found a transporter.
 15856 | Gauntlet | Found a transporter.
 15869 | Gauntlet | Found a transporter.
 15957 | Gauntlet | Found a transporter.
 15962 | Gauntlet | Found a transporter.
 15982 | Gauntlet | Found a transporter.
 15989 | Gauntlet | Found a transporter.
 16075 | Gauntlet | Found a transporter.
 16085 | Gauntlet | Found a transporter.
 16095 | Gauntlet | Found a transporter.
 16095 | Gauntlet | Found a transporter.
 16119 | Gauntlet | Found a transporter.
 16129 | Gauntlet | Found a transporter.
 16466 | Gauntlet | Identified the +1 robe of the Kettle-Drum {Regen+ Int-4
                  | SInv}
 16468 | Gauntlet | Identified the +8 dagger of Exquisite Death {flame, rElec
                  | Str+2}
 16546 | Lair:1   | Bought a scroll of fear for 56 gold pieces
 16546 | Lair:1   | Bought a scroll of summoning for 133 gold pieces
 16546 | Lair:1   | Bought a scroll of blinking for 105 gold pieces
 16546 | Lair:1   | Bought a scroll of fear for 56 gold pieces
 16546 | Lair:1   | Bought a scroll of teleportation for 42 gold pieces
 16997 | Orc:2    | Bought a scroll of enchant armour for 105 gold pieces
 16999 | Orc:2    | Bought a scroll of enchant armour for 97 gold pieces
 17027 | Orc:2    | Bought a scroll of enchant armour for 105 gold pieces
 17409 | Lair:1   | Bought a scroll of enchant armour for 105 gold pieces
 17409 | Lair:1   | Bought a scroll of fog for 56 gold pieces
 17743 | Lair:2   | Noticed Harold
 17749 | Lair:2   | Killed Harold
 17767 | Lair:2   | Reached skill level 5 in Shields
 18301 | Lair:3   | Reached XP level 15. HP: 124/124 MP: 15/15
 18337 | Lair:3   | Found a staircase to the Swamp.
 18403 | Lair:3   | Noticed Amaemon
 18423 | Lair:3   | Killed Amaemon
 18637 | Lair:3   | Found a staircase to the Snake Pit.
 19273 | Lair:4   | Reached skill level 10 in Shields
 20090 | Lair:5   | Entered Level 5 of the Lair of Beasts
 20233 | Lair:5   | Noticed Kirke
 20251 | Lair:5   | Killed Kirke
 20386 | Lair:5   | Reached XP level 16. HP: 134/134 MP: 16/16
 20561 | Lair:5   | Identified the +0 ring mail of the Pink Corner {Int+4}
 20662 | Lair:5   | Reached skill level 15 in Fighting
 20760 | Lair:5   | Noticed Nessos
 20786 | Lair:5   | Killed Nessos
 21021 | Lair:5   | Found a viscous altar of Jiyva.
 21021 | Lair:5   | Found a staircase to the Slime Pits.
 21229 | Snake:1  | Entered Level 1 of the Snake Pit
 21294 | Snake:1  | Identified the +0 scale mail of Fosk {rElec Will+ rCorr
                  | Slay+3}
 21886 | Snake:2  | Bought a +2 helmet of see invisible for 344 gold pieces
 22003 | Snake:2  | Found Qeqot's Book Shoppe.
 22221 | Snake:2  | Noticed a nagaraja
 22224 | Snake:2  | Killed a nagaraja
 22667 | Snake:2  | Noticed a nagaraja
 22673 | Snake:2  | Killed a nagaraja
 22792 | Snake:3  | Noticed a nagaraja
 22797 | Snake:3  | Killed a nagaraja
 23197 | Snake:3  | Noticed Bai Suzhen
 23223 | Snake:3  | Killed Bai Suzhen
 23224 | Snake:3  | Reached XP level 17. HP: 109/146 MP: 17/17
 23469 | Snake:4  | Entered Level 4 of the Snake Pit
 23469 | Snake:4  | Noticed Saint Roka
 23581 | Snake:4  | Killed Saint Roka
 23884 | Snake:4  | Identified the +7 flail "Ifaogifiek" {antimagic, rF- rC+
                  | rCorr Str+5}
 24025 | Snake:4  | Noticed Donald
 24184 | Snake:4  | Acquired 1125 gold pieces
 24212 | Snake:4  | Identified the serpent talisman of Context {rF+ rN+ Int-2
                  | Dex+2}
 24212 | Snake:4  | Noticed Aizul
 24224 | Snake:4  | Killed Aizul
 24365 | Snake:4  | Killed Donald
 24502 | Snake:4  | Got a serpentine rune of Zot
 24699 | Snake:4  | Identified the ring of Xonwonk {rPois Will+ Str+3}
 24887 | Swamp:1  | Entered Level 1 of the Swamp
 25024 | Swamp:1  | Reached XP level 18. HP: 158/158 MP: 18/18
 25323 | Swamp:1  | Noticed Mlioglotl
 25333 | Swamp:1  | Killed Mlioglotl
 25844 | Swamp:2  | Noticed Roxanne
 25860 | Swamp:2  | Killed Roxanne
 25940 | Swamp:2  | Reached skill level 18 in Unarmed Combat
 26057 | Swamp:2  | Found a large runed translucent door.
 26057 | Swamp:2  | Found a large runed translucent door.
 26284 | Swamp:2  | Noticed roomforsquares's ghost (adept FeBe)
 27085 | Swamp:4  | Entered Level 4 of the Swamp
 27287 | Swamp:4  | Reached skill level 19 in Unarmed Combat
 27415 | Swamp:4  | Reached XP level 19. HP: 165/165 MP: 19/19
 27554 | Swamp:4  | Got a decaying rune of Zot
 27591 | Swamp:4  | Got the Omnibus of Support
 28344 | Elf:1    | Entered Level 1 of the Elven Halls
 28549 | Elf:1    | Reached skill level 20 in Unarmed Combat
 28567 | Elf:1    | Paralysed by an air elemental for 1 turns
 28665 | Elf:1    | Got the Treatise on Power
 28738 | Elf:1    | Found Hoanwe Bilu's Antique Armour Shop.
 29136 | Elf:2    | Found Guynugri's Weapon Shop.
 29606 | Elf:2    | Found Biroug's Jewellery Shoppe.
 29618 | Elf:2    | Found a runed translucent gate.
 29618 | Elf:2    | Found a runed translucent gate.
 29619 | Elf:2    | Found a runed translucent gate.
 29698 | Elf:3    | Entered Level 3 of the Elven Halls
 29709 | Elf:3    | Noticed Louise
 29715 | Elf:3    | Killed Louise
 29760 | Elf:3    | Acquired 636 gold pieces
 29765 | Elf:3    | Bought a potion of heal wounds for 80 gold pieces
 29765 | Elf:3    | Bought a potion of might for 64 gold pieces
 29765 | Elf:3    | Bought a potion of invisibility for 128 gold pieces
 29767 | Elf:3    | Bought a glowing tower shield for 135 gold pieces
 29806 | Elf:3    | Bought a scroll of summoning for 171 gold pieces
 29806 | Elf:3    | Bought a scroll of enchant armour for 135 gold pieces
 29806 | Elf:3    | Bought a scroll of blinking for 135 gold pieces
 29993 | Elf:3    | Noticed Nikola
 30007 | Elf:3    | Killed Nikola
 30061 | Elf:3    | Reached XP level 20. HP: 172/172 MP: 20/20
 30229 | Elf:3    | Reached skill level 21 in Unarmed Combat
 30620 | Elf:3    | Identified the ring of Xaref {rC+ Will++ Str+3 Dex+4}
 30685 | Elf:3    | Identified the staff "Elinur" {rC+ Str+6 Dex-5 Ice}
 30705 | Elf:3    | Reached skill level 22 in Unarmed Combat
 30708 | Elf:3    | Noticed a Brimstone Fiend
 30983 | Elf:3    | Identified the +0 robe "Obliuhia" {Will+ Int+3}
 30999 | Elf:3    | Identified the +4 falchion "Veviruon" {vamp, *Slow rElec
                  | rF+++ Int-4}
 31066 | Elf:3    | Identified the +4 hand axe of the Abyss {speed, Int+3}
 31126 | Elf:3    | Got the Precepts of Trauma
 31840 | D:14     | Found a gate to the Vaults.
 32089 | D:14     | Reached skill level 23 in Unarmed Combat
 32386 | Vaults:1 | Entered Level 1 of the Vaults
 32392 | Vaults:1 | Noticed Norris
 32409 | Vaults:1 | Killed Norris
 32705 | Vaults:1 | Reached XP level 21. HP: 178/178 MP: 21/21
 32948 | Vaults:1 | Reached skill level 24 in Unarmed Combat
 33040 | Vaults:1 | Identified the ring "Weeceu" {rN+ rCorr Str+4}
 33256 | Vaults:1 | Found Kokuass's Weapon Boutique.
 33948 | Vaults:2 | Reached skill level 25 in Unarmed Combat
 34114 | Vaults:2 | Identified the +2 leather armour of Daisies {Regen+}
 34566 | Vaults:2 | Found Foczog's Weapon Boutique.
 34693 | Vaults:3 | Reached skill level 26 in Unarmed Combat
 34713 | Vaults:3 | Found a crumbling gateway.
 34739 | Desolati | Entered the Desolation of Salt
 34822 | Desolati | Identified the +0 plate armour "Vycovveh" {rN+ Will+}
 34855 | Desolati | Got the Notes on the Rocky Volcano
 34888 | Desolati | Identified the +1 leather armour of the Planets {*Slow rN+
                  | SInv}
 34890 | Desolati | Identified the ring of Ymetz {rF+ Str+4}
 34930 | Desolati | Identified the +7 ring mail of the Gate {rN+ rCorr Str+2
                  | Dex+4}
 34944 | Desolati | Identified the +4 scale mail of Qosacer {MP+9}
 34957 | Desolati | Got Ywaubb's Book of the Excursion
 35060 | Desolati | Reached XP level 22. HP: 186/186 MP: 22/22
 35106 | Desolati | Found the +3 giant club "Skullcrusher" {speed, Str+7}
 35169 | Desolati | Identified the +0 pair of boots "Koyxysta" {rC+ Stlth+}
 35172 | Desolati | Identified the ring of Mesu {rPois rC+ Int+2 SInv}
 35177 | Desolati | Identified the +7 plate armour of Gozag's Anger {*Slow
                  | rC+++ Dex-3 SInv}
 35311 | Desolati | Reached skill level 27 in Unarmed Combat
 35402 | Desolati | Identified the ring of False Pretenses {rElec rPois MP+9}
 35579 | Desolati | Identified the +3 falchion of Japa {vamp, rElec Str-4 SInv}
 36024 | Vaults:3 | Found Ykiatotu's General Store.
 36032 | Vaults:3 | Bought a scroll of summoning for 180 gold pieces
 36032 | Vaults:3 | Bought a scroll of poison for 76 gold pieces
 36963 | Vaults:3 | Found a staircase to the Crypt.
 37152 | Vaults:4 | Found a flickering gateway to a bazaar.
 37159 | Bazaar   | Entered a bazaar
 37163 | Bazaar   | Found Haecyuch's Jewellery Boutique.
 37185 | Bazaar   | Found Weipp's Distillery.
 37190 | Bazaar   | Bought a potion of might for 64 gold pieces
 37190 | Bazaar   | Bought a potion of heal wounds for 80 gold pieces
 37206 | Bazaar   | Found Tusk's Book Boutique.
 37226 | Bazaar   | Found Ucad's Antique Weapon Shoppe.
 37688 | Vaults:4 | Noticed a dread lich
 37692 | Vaults:4 | Killed a dread lich
 37907 | Vaults:4 | Reached skill level 15 in Shields
 37907 | Vaults:4 | Reached XP level 23. HP: 198/198 MP: 23/23
 38429 | Vaults:5 | Entered Level 5 of the Vaults
 38547 | Vaults:5 | Noticed a golden dragon
 38550 | Vaults:5 | Killed a golden dragon
 38586 | Vaults:5 | Found Fetrait's Distillery.
 38586 | Vaults:5 | Found Setapi's Magic Scroll Emporium.
 38592 | Vaults:5 | Bought a potion of might for 48 gold pieces
 38592 | Vaults:5 | Bought a potion of invisibility for 96 gold pieces
 38592 | Vaults:5 | Bought 2 potions of might for 96 gold pieces
 38592 | Vaults:5 | Bought a potion of haste for 120 gold pieces
 38592 | Vaults:5 | Bought a potion of might for 48 gold pieces
 38605 | Vaults:5 | Bought a scroll of fear for 68 gold pieces
 38652 | Vaults:5 | Found Cerureud's Distillery.
 38660 | Vaults:5 | Bought a potion of heal wounds for 80 gold pieces
 38660 | Vaults:5 | Bought a potion of haste for 160 gold pieces
 38660 | Vaults:5 | Bought a potion of haste for 160 gold pieces
 38689 | Vaults:5 | Found Elaso's Magic Scroll Shoppe.
 38694 | Vaults:5 | Bought a scroll of blinking for 127 gold pieces
 38694 | Vaults:5 | Bought a scroll of poison for 68 gold pieces
 38694 | Vaults:5 | Bought a scroll of immolation for 68 gold pieces
 38694 | Vaults:5 | Bought a scroll of blinking for 127 gold pieces
 38694 | Vaults:5 | Bought a scroll of fog for 68 gold pieces
 38890 | Vaults:5 | Noticed a dread lich
 38924 | Vaults:5 | Got the Spellbook of Hot Death
 38926 | Vaults:5 | Got a silver rune of Zot
 38974 | Vaults:5 | Noticed an ancient lich
 39006 | Vaults:5 | Noticed a golden dragon
 39010 | Vaults:5 | Killed a golden dragon
 39258 | Vaults:5 | Identified the +10 plate armour "Kebaziech" {rCorr Str+7}
 39442 | Vaults:5 | Found Bokh's Distillery.
 39447 | Vaults:5 | Bought a potion of might for 84 gold pieces
 39447 | Vaults:5 | Bought a potion of heal wounds for 105 gold pieces
 39967 | D:15     | Entered Level 15 of the Dungeon
 40013 | D:15     | Found a staircase to the Depths.
 40360 | D:15     | Found a runed translucent gate.
 40360 | D:15     | Found a runed translucent gate.
 40360 | D:15     | Found a runed translucent gate.
 40374 | D:15     | Noticed Tumatom's ghost (adept MiAK)
 40417 | D:15     | Killed Tumatom's ghost
 40608 | Depths:1 | Entered Level 1 of the Depths
 40659 | Depths:1 | Found a gateway to Hell.
 40966 | Depths:1 | Found Qojallad's Distillery.
 41133 | Depths:1 | Found an iron altar of Okawaru.
 41350 | Depths:2 | Found a one-way gateway to a ziggurat.
 41418 | Zig:1    | Entered Level 1 of a ziggurat
 41433 | Zig:2    | Entered Level 2 of a ziggurat
 41467 | Zig:3    | Entered Level 3 of a ziggurat
 41475 | Zig:3    | Reached XP level 24. HP: 215/215 MP: 15/23
 41530 | Zig:4    | Entered Level 4 of a ziggurat
 41531 | Zig:4    | Noticed Puuxtyr the pandemonium lord
 41538 | Zig:4    | Killed Puuxtyr the pandemonium lord
 41580 | Zig:4    | Identified the +11 plate armour of Disappointment {Harm
                  | Regen+ Int+10 Dex-5}
 41665 | Depths:2 | Found a runed translucent gate.
 41665 | Depths:2 | Found a runed translucent gate.
 41665 | Depths:2 | Found a runed translucent gate.
 41931 | Depths:2 | Noticed Margery
 41944 | Depths:2 | Killed Margery
 42569 | Depths:2 | Found a one-way gate to the infinite horrors of the Abyss.
 42682 | Depths:4 | Entered Level 4 of the Depths
 42760 | Depths:4 | Found a gate to the Realm of Zot.
 42903 | Zot:1    | Entered Level 1 of the Realm of Zot
 42944 | Zot:1    | Noticed a curse toe
 43011 | Depths:4 | Killed a curse toe
 43433 | Zot:3    | Acquired 880 gold pieces
 44184 | Zot:3    | Gained mutation: You are partially covered in large bone
                  | plates. (SH +4) [a shining eye]
 44193 | Zot:3    | Gained mutation: Your health recovers twice as slowly from
                  | being drained. [a shining eye]
 44201 | Zot:3    | Noticed a curse toe
 44207 | Zot:3    | Killed a curse toe
 44227 | Zot:3    | Noticed a curse toe
 44241 | Zot:3    | Noticed an orb of fire
 44268 | Zot:3    | Killed a curse toe
 44403 | Zot:4    | Noticed an orb of fire
 44407 | Zot:4    | Gained mutation: Your body sometimes deteriorates upon
                  | taking damage. [an orb of fire]
 44409 | Zot:4    | Killed an orb of fire
 44420 | Zot:4    | Reached XP level 25. HP: 228/228 MP: 23/23
 44572 | Zot:5    | Entered Level 5 of the Realm of Zot
 44573 | Zot:5    | Noticed an ancient lich
 44573 | Zot:5    | Noticed an ancient lich
 44657 | Zot:5    | Killed an ancient lich
 44659 | Zot:5    | Killed an ancient lich
 44663 | Zot:5    | Noticed an orb of fire
 44674 | Zot:5    | Killed an ancient lich
 44675 | Zot:5    | Killed a Killer Klown
 44694 | Zot:5    | Noticed an orb of fire
 44696 | Zot:5    | Noticed an orb of fire
 44740 | Zot:5    | Killed an ancient lich
 44791 | Zot:5    | Got the Orb of Zot
 44792 | Zot:5    | Noticed Ahocycke the pandemonium lord
 44797 | Zot:5    | Killed Ahocycke the pandemonium lord
 44823 | Zot:5    | Noticed a seraph
 44826 | Zot:5    | Killed an orb of fire
 45052 | Depths:4 | Noticed Fecezyrr the pandemonium lord
 45064 | Depths:4 | Killed Fecezyrr the pandemonium lord
 45225 | Depths:2 | Noticed Qoskezae the pandemonium lord
 45232 | Depths:2 | Killed Qoskezae the pandemonium lord
 45252 | Depths:2 | Noticed Gimik the pandemonium lord
 45255 | Depths:1 | Noticed Vasafosch the pandemonium lord
 45361 | D:9      | Noticed a seraph
 45363 | D:9      | Noticed Teydant the pandemonium lord
 45509 | D:$      | Escaped with the Orb!

Illustrated notes

Levels and vault maps discovered:
D:1:      minmay_arrival_four_houses, layout_loops_ring, minmay_strange_pillars
D:2:      layout_rooms, uniq_terence
D:3:      layout_basic, nicolae_dithmenos_shadow_blocks,
          gammafunk_ghost_necromancy, uniq_robin, uniq_ijyb
D:4:      layout_basic, mainiacjoe_overflow_alcove_1,
          nicolae_shop_i_like_big_books, sigmund_edmund_badplayer,
          uniq_crazy_yiuf_cottage
D:5:      layout_rooms, mainiacjoe_overflow_surrounded_room,
          minmay_temple_entry_gardened_gates, uniq_blork_the_orc, uniq_sigmund
D:6:      layout_cave_pools, regret_index_temple_of_mockery, grunt_ministairs_13
D:7:      layout_gridville, gammafunk_temple_overflow_pools,
          gammafunk_ghost_split
D:8:      layout_rooms, minmay_fractal_squares_gapless_5, uniq_pikel
D:9:      layout_rooms, minmay_lair_entry_grove, water_boxes_lemuel,
          uniq_joseph, uniq_jeremiah
D:10:     layout_irregular_city, gammafunk_ghost_hive, enter_bailey_2,
          st_stairs_8, uniq_fannar
D:11:     layout_roguey, uniq_nergalle, uniq_erolcha, uniq_josephine
D:12:     layout_loops_ring, erik_orc_1, st_stairs_7, lightli_airlock,
          uniq_jorgrun
D:13:     layout_rooms, serial_park_tiny_2
D:14:     layout_roguey, david_vaults_5
D:15:     hangedman_depths_entry_civil_slaughter, layout_basic,
          serial_library_hellmonk_layered_room, maelrawn_ghost_gauntlet_escape,
          nicolae_vehumet_altar_sigil
Temple:   nicolae_temple_superstar
Lair:1:   layout_layer_cave, gauntlet_entry_generic, uniq_erica, uniq_gastronok
Lair:2:   layout_roguey, grunt_megastairs_4, infiniplex_staircase_pool,
          serial_bayou_shore_a, uniq_harold
Lair:3:   layout_big_grid, minmay_swamp_entry_wisps,
          minmay_snake_entry_guardpost_medium, wad_woods_road_06,
          grunt_forest_stairs_clearing, lemuel_fruit_tree, grunt_megastairs_2,
          uniq_amaemon
Lair:4:   layout_regular_city
Lair:5:   minmay_lair_end_frog_pond, layout_cave_pods,
          dpeg_slime_entry_enclosed, portal_ice_cave_entry_pillars_1,
          st_stairs_5, patterned_corridor, uniq_nessos, uniq_kirke
Swamp:1:  layout_falls_marsh, hangedman_swamp_ruin_wall, swamp_pool_4,
          nicolae_swamp_baby_hydras, uniq_mlioglotl
Swamp:2:  layout_basic_swamp, ebering_ghost_disaster_area,
          evilmike_swamp_ruin_rubble_2, nicolae_swamp_little_tower, uniq_roxanne
Swamp:3:  nicolae_swamp_wrong_neighborhood, layout_basic_swamp,
          evilmike_swamp_ruin_house_2, swamp_pool_1_2,
          nicolae_swamp_bloodsuckers_inc
Swamp:4:  swamp_fiery, layout_basic_swamp, swamp_pool_4, hangedman_swamp_diagram
Snake:1:  layout_misc_corridors
Snake:2:  layout_chambers, serial_shops, nicolae_book_shop_shelving
Snake:3:  layout_rooms, special_room, nicolae_triple_integral,
          serial_bayou_shore_b, uniq_bai_suzhen
Snake:4:  snake_pit, layout_rooms, st_stairs_10, uniq_aizul, uniq_saint_roka,
          uniq_donald
Orc:1:    lemuel_ogre_cave, layout_diamond_mine, basic_altar
Orc:2:    pf_orc_diabolical, layout_caves, serial_shops,
          nicolae_shop_real_fake_doors, shop, shop, shop,
          nicolae_shop_gaudy_bauble, minmay_orc_temple_a
Elf:1:    eino_elf_arrival_customs, layout_rooms, serial_shops, shop,
          minmay_elf_sorcery
Elf:2:    nicolae_elf_blades_splatter_lattice
          [nicolae_vaults_blade_armed_guards], layout_loops_cross, serial_shops,
          shop, shop, nicolae_elf_hall_of_bonks
Elf:3:    elf_hall, layout_geoelf_diagonals, minivault_5, uniq_louise,
          uniq_nikola
Vaults:1: nicolae_vaults_ring_of_whatevers, v_misc_4,
          vaults_room_grunt_arrival_ludios,
          nicolae_vaults_windows_and_doors_thing,
          nicolae_vaults_little_squares_2, nicolae_vaults_tetromino_Z_2,
          nicolae_vaults_turnstiles, ontoclasm_vaults_chip,
          vaults_standard_mumra_x, vaults_room_mumra_shop_pool,
          layout_vaults_omnigrid, uniq_norris
Vaults:2: nicolae_vaults_storage_closets_1, vaults_dpeg_encased_lava,
          nicolae_vaults_ring_of_whatevers, nicolae_vaults_storage_room_water,
          v_rooms_6, nicolae_vaults_taking_the_gang_shopping,
          nicolae_vaults_mitosis, serial_library_hellmonk_open_cross,
          nicolae_vaults_yaktaur_gun_rack, nicolae_vaults_network_s,
          layout_vaults_omnibox
Vaults:3: portal_desolation_entry_nicolae_slug, minmay_crypt_entry_simple_plaza,
          nicolae_vaults_trapezoid_1, ontoclasm_vaults_gateway,
          ontoclasm_vaults_bender, vaults_mumra_chevron, vaults_room_corners,
          v_misc_33, nicolae_vaults_apartment_2, nicolae_vaults_house_2,
          ontoclasm_vaults_decontamination, dpeg_vaults_monster_box,
          nicolae_vaults_surprise_closet, layout_vaults_chaotic_city,
          serial_shops, nicolae_shop_peninsula
Vaults:4: v_rooms_2, st_cross, nicolae_vaults_storage_closets_2,
          nicolae_vaults_big_angled_halls, ontoclasm_vaults_ring_square,
          v_rooms_6, v_misc_26, nicolae_vaults_cochlea,
          nicolae_vaults_network_periphery, nicolae_vaults_wine_cellar,
          vaults_dpeg_doors, layout_vaults_big_cross, serial_shops,
          bzr_entry_islet
Vaults:5
Depths:1: layout_cave_pools, hangedman_coc_ice_floe, minmay_misc_feat_rugged,
          kennysheep_okawaru_gauntlet, firewood_loft, minmay_shop_star
Depths:2: minmay_three_patterns, layout_gridlike, enter_ziggurat_d,
          grunt_metal_band, serial_bayou_pond_a, abyss_entry_crystal, pan_entry,
          pandoras_box_mu, uniq_josephina
Depths:3: hangedman_arrow_trap, layout_honeycomb,
          nicolae_hell_entry_big_baal_hell, abyss_entry,
          ebering_dispersal_statue_hall, infiniplex_staircase_zigzag_4,
          serial_bayou_shore_b, serial_bayou_shore_b, minmay_shoptagon,
          uniq_enchantress
Depths:4: evilmike_zot_entry_round, layout_basic, grunt_pan_entry_zigzag,
          fedhas_altar_fruit_tree, grunt_hell_entry_dis_grunt
Zot:1:    layout_onion_interference, hangedman_zot_decor_tridents
Zot:2:    layout_concentric_octagons
Zot:3:    layout_onion_interference, hellmonk_body_bag
Zot:4:    layout_basic
Zot:5:    layout_twisted_circle

Skill      XL: |  1  2  3  4  5  6  7  8  9 10 11 12 13 14 15 16 17 18 19 20 21 22 23 24 25 |
---------------+----------------------------------------------------------------------------+-----
Polearms       | 3 4 |  4.1
Shapeshifting  | 2 4 6 7 9 12 14 16 17 19 21 23 24 25 | 25.0
Fighting       | 5 7 9 11 13 14 16 18 20 23 25 26 | 26.5
Unarmed Combat | 3 11 15 17 19 20 23 26 27 | 27.0
Dodging        | 7 11 | 11.8
Shields        | 6 10 15 17 20 21 | 21.2
Armour         | |  2.1

Action                     |  1- 3 |  4- 6 |  7- 9 | 10-12 | 13-15 | 16-18 | 19-21 | 22-24 | 25-27 || total
---------------------------+-------+-------+-------+-------+-------+-------+-------+-------+-------++-------
  Melee: Trident           |   103 |   192 |   141 |     1 |       |       |       |       |       ||   437
         Unarmed           |       |       |   146 |   337 |   793 |  1073 |  1059 |   999 |   148 ||  4555
         Tailslap          |       |       |    22 |    49 |    28 |     1 |       |       |       ||   100
         Bite              |       |       |    13 |    32 |    30 |       |       |       |       ||    75
         Punch             |       |       |     2 |     9 |    30 |       |       |       |       ||    41
  Throw: Javelin           |       |       |     2 |       |       |       |       |       |       ||     2
         Throwing net      |       |       |     1 |     1 |     1 |       |       |       |       ||     3
 Invoke: Call Merchant     |       |       |     1 |       |     3 |     1 |     3 |       |       ||     8
         Potion Petition   |       |       |       |       |       |     1 |       |       |       ||     1
         Bribe Branch      |       |       |       |       |       |       |       |     2 |     2 ||     4
Ability: Breathe Fire      |       |       |    14 |    30 |    41 |       |       |       |       ||    85
  Evoke: Wand              |       |     4 |     5 |       |     7 |     2 |     2 |     3 |     2 ||    25
         Phantom mirror    |       |       |       |       |     1 |       |       |       |       ||     1
         Tin of tremorston |       |       |       |       |       |     2 |     2 |       |       ||     4
    Use: Scroll            |     3 |     4 |     6 |     5 |    19 |     7 |     8 |    10 |    12 ||    74
         Potion            |       |     1 |     2 |     4 |     1 |     4 |     3 |     2 |       ||    17
   Stab: Distracted        |       |       |       |     5 |    11 |    12 |    12 |    16 |     1 ||    57
         Sleeping          |       |       |       |       |     3 |     1 |     1 |     4 |       ||     9
         Held in net/web   |       |       |       |       |     1 |       |       |       |       ||     1
         Petrified         |       |       |       |       |     4 |       |       |       |       ||     4
 Armour: Scale mail        |    45 |   147 |   116 |       |       |       |       |       |       ||   308
         Skin              |       |       |   139 |   242 |   483 |  1262 |   716 |   504 |    61 ||  3407
  Dodge: Dodged            |    26 |    85 |   111 |    79 |   388 |  1038 |   547 |   437 |    31 ||  2742
  Block: Buckler           |    23 |    41 |    31 |     1 |    47 |       |       |       |       ||   143
         Other             |       |       |    31 |    59 |    34 |       |       |       |       ||   124
         Reflection        |       |       |     4 |     6 |     5 |     5 |    74 |       |       ||    94
         Kite shield       |       |       |       |       |   572 |  1218 |   440 |       |       ||  2230
         Tower shield      |       |       |       |       |       |       |   316 |  1019 |   143 ||  1478
   Form: Dragon            |       |       |     1 |       |       |       |       |       |       ||     1
         Statue            |       |       |       |       |     1 |       |     1 |       |       ||     2
                           |       |       |       |       |       |       |     1 |       |       ||     1

Table legend: (Time is in decaauts)
 A = Elapsed time spent in this place.
 B = Non-inter-level travel time spent in this place.
 C = Inter-level travel time spent in this place.
 D = Time resting spent in this place.
 E = Time spent auto-exploring this place.
 F = Levels seen in this place.
 G = Mean time per level.
                   A        B        C        D        E       F      G
               +--------+--------+--------+--------+--------+-----+--------+
         Total |  58913 |  51992 |   6921 |   3060 |  36636 |  56 | 1052.0 |
       Dungeon |  15430 |  13056 |   2374 |   1242 |   9245 |  15 | 1028.7 |
        Temple |     42 |      1 |     41 |      0 |      0 |   1 |   42.0 |
          Lair |   7522 |   6611 |    911 |      0 |   5213 |   5 | 1504.4 |
         Swamp |   4204 |   4011 |    193 |    295 |   2652 |   4 | 1051.0 |
     Snake Pit |   5276 |   5066 |    210 |    441 |   3298 |   4 | 1319.0 |
  Orcish Mines |   3534 |   3097 |    437 |    348 |   2158 |   2 | 1767.0 |
   Elven Halls |   4149 |   3787 |    362 |    490 |   2119 |   3 | 1383.0 |
        Vaults |   9072 |   8485 |    587 |      0 |   6891 |   5 | 1814.4 |
        Depths |   3434 |   3107 |    327 |    157 |   2103 |   4 |  858.5 |
           Zot |   2909 |   1433 |   1476 |     76 |    752 |   5 |  581.8 |
      Ziggurat |    235 |    235 |      0 |      0 |    154 |   4 |   58.8 |
        Bazaar |    155 |    155 |      0 |      0 |    126 |   1 |  155.0 |
        Bailey |    528 |    528 |      0 |      8 |    390 |   1 |  528.0 |
    Desolation |   1364 |   1364 |      0 |      0 |    775 |   1 | 1364.0 |
      Gauntlet |   1051 |   1051 |      0 |      0 |    754 |   1 | 1051.0 |
               +--------+--------+--------+--------+--------+-----+--------+

Top non-repeatable levels by time:
    D:12: 2126 daAuts
   Elf:3: 2116 daAuts
Vaults:3: 1975 daAuts
   Orc:2: 1962 daAuts
Vaults:1: 1936 daAuts
Vaults:4: 1935 daAuts
Depths:2: 1888 daAuts
   Zot:3: 1873 daAuts
Vaults:5: 1778 daAuts
  Lair:1: 1660 daAuts
  Lair:3: 1645 daAuts
     D:3: 1642 daAuts
  Lair:5: 1638 daAuts
   Orc:1: 1572 daAuts
 Snake:3: 1548 daAuts
